 Dungeon Crawl Stone Soup version 0.29-a0-322-g68df515428 (webtiles) character file.

Game seed: 10957407224972265250

5598 ders the Thaumaturge (level 11, -4/65 HPs)
             Began as a Djinni Conjurer on Apr 4, 2022.
             Was a Believer of Ashenzari.
             Shot with an arrow by a centaur warrior (25 damage)
             ... on level 9 of the Dungeon on Apr 5, 2022.
             The game lasted 00:15:25 (12611 turns).

ders the Thaumaturge (Djinni Conjurer)             Turns: 12611, Time: 00:15:26

Health: -4/65      AC:  6    Str:  6    XL:     11   Next: 3%
Gold:   507        EV: 12    Int: 25    God:    Ashenzari [**....] SH:  5 Dex: 11

rFire   + + .      SeeInvis +   (no weapon)
rCold   x . .      Faith    .   (no shield)
rNeg    . . .      Spirit   .   F - +0 steam dragon scales
rPois   ∞          Reflect  +   (no helmet)
rElec   .          Harm     .   r - +0 cloak of the Cosmic Submission {Cun, Self} (curse)
rCorr   +          Rampage  .   (no gloves)
Will    +....                   (boots unavailable)
Stlth   ++........              t - amulet of the Ruined Seer {Reflect SH+5, Self, Cun} (curse)
HPRegen 0.20/turn               v - ring "Share My Adversity" {rCorr, Melee, Self} (curse)
MPRegen 0.00/turn               (no ring)

@: flying
A: sickness immunity, fire resistance 2, cold vulnerability 1, float, innate
caster, HP casting, extra vitality 1
a: Renounce Religion, Shatter the Chains


You were on level 9 of the Dungeon.
You worshipped Ashenzari.
Ashenzari was pleased with you.
You visited 2 branches of the dungeon, and saw 10 of its levels.
You also visited: Ossuary.

You collected 507 gold pieces.

Inventory:

Missiles
 E - a throwing net
Armour
 r - the cursed +0 cloak of the Cosmic Submission (worn) {Cun, Self}
   (You found it on level 3 of the Dungeon)

   It has a curse which improves the following skills: Cunning: Dodging and
   Stealth.
   Introspection: Fighting and Spellcasting.
 F - +0 steam dragon scales (worn)
 H - a +0 plate armour
 J - a +0 chain mail
Jewellery
 t - the cursed amulet of the Ruined Seer (around neck) {Reflect SH+5, Self, Cun}
   (You found it on level 3 of the Dungeon)

   [amulet of reflection]

   It reflects blocked missile attacks.
   SH:        It affects your SH (+5).
   It has a curse which improves the following skills: Introspection: Fighting
   and Spellcasting.
   Cunning:   Dodging and Stealth.
 v - the cursed ring "Share My Adversity" (left hand) {rCorr, Melee, Self}
   (You found it on level 4 of the Dungeon)

   [ring of resist corrosion]

   rCorr:     It protects you from acid and corrosion.
   It has a curse which improves the following skills: Melee Combat: Short
   Blades, Long Blades, Axes, Maces & Flails, Polearms, Staves and Unarmed
   Combat.
   Introspection: Fighting and Spellcasting.
 D - a ring of ice
 I - a +6 ring of strength
Wands
 g - a wand of flame (25)
 w - a wand of paralysis (7)
 B - a wand of iceblast (10)
 G - a wand of mindburst (10)
Scrolls
 c - a scroll of fog
 d - 8 scrolls of teleportation
 h - 2 scrolls of vulnerability
 n - 5 scrolls of immolation
 o - 2 scrolls of enchant armour
 q - 2 scrolls of torment
 s - 4 scrolls of identify
 u - 4 scrolls of noise
 y - 2 scrolls of magic mapping
 z - a scroll of silence
Potions
 a - a potion of resistance
 b - a potion of haste
 e - a potion of berserk rage
 f - 4 potions of brilliance
 i - 2 potions of curing
 j - 3 potions of attraction
 k - 3 potions of heal wounds
 l - 3 potions of mutation
 m - 4 potions of lignification
 p - 3 potions of degeneration
 x - 4 potions of cancellation
 A - a potion of magic
 C - a potion of might


   Skills:
 - Level 2.1(3.6) Dodging
 - Level 1.5(2.9) Stealth
 + Level 12.5(14.9) Spellcasting


You had 11 spell levels left.
You knew the following spells:

 Your Spells              Type           Power      Damage    Failure   Level
a - Magic Dart            Conj           100%       1d8       0%          1
b - Searing Ray           Conj           100%       2d8       0%          2
c - Dazzling Flash        Conj/Hex       100%       N/A       1%          3
d - Fulminant Prism       Conj/Hex       38%        3d18      1%          4
e - Iskenderun's Mystic   Conj/Tloc      76%        2d15      1%          4
f - Apportation           Tloc           100%       N/A       0%          1
g - Call Imp              Summ           76%        N/A       0%          2
h - Vampiric Draining     Necr           76%        2d11      1%          3
i - Dispel Undead         Necr           76%        3d25      1%          4
j - Olgreb's Toxic Radia  Pois           76%        N/A       1%          4
Your spell library was empty.

Dungeon Overview and Level Annotations

Branches:
Dungeon (9/15)             Temple (1/1) D:4         Ossuary (visited)
   Lair: D:8-11         Orc: D:9-12

Altars:
Ashenzari
Fedhas
Kikubaaqudgha
Nemelex Xobeh
Qazlal
Vehumet
Wu Jian
Zin
The Shining One

Shops:
D:4 [   D:8 *


Innate Abilities, Weirdness & Mutations

You are immune to sickness and miasma.
You are immune to poison.
Your flesh is very heat resistant. (rF++)
You are vulnerable to cold. (rC-)
You float through the air rather than walking.
You learn spells naturally, not from books.
Your magical power is your life essence.
You have superior vitality. (+4 MHP)


Message History

A centaur warrior comes into view.
Found a stone staircase leading down.
The centaur warrior shouts!
The centaur warrior wields a +0 shortbow.
The centaur warrior shoots an arrow.
The arrow hits you!!
A centaur warrior is nearby!
Casting: Iskenderun's Mystic Blast (safe; 1% risk of failure)
Confirm with . or Enter, or press ? or * to list all spells.
Aiming: Fulminant Prism (safe; 1% risk of failure)
Press: ? - help, Dir - move target You conjure a prism of explosive energy!
A fulminant prism comes into view.
The centaur warrior shoots an arrow.
The arrow hits your fulminant prism!!
Your fulminant prism detonates feebly.
Casting: Fulminant Prism (safe; 1% risk of failure)
Confirm with . or Enter, or press ? or * to list all spells.
You don't know that spell.
Casting: Fulminant Prism (safe; 1% risk of failure)
Confirm with . or Enter, or press ? or * to list all spells.
Aiming: Fulminant Prism (safe; 1% risk of failure)
Press: ? - help, Dir - move target You conjure a prism of explosive energy!
A fulminant prism comes into view.
The centaur warrior shoots an arrow.
The arrow hits your fulminant prism!
The centaur warrior shoots an arrow.
The arrow hits you!
Your fulminant prism crackles loudly.
Found 11 stones.
The centaur warrior shoots an arrow.
The arrow hits your fulminant prism!!
Your fulminant prism explodes!
The centaur warrior shoots an arrow.
The arrow hits you!
* * * LOW HITPOINT WARNING * * *
You feel much better.
The centaur warrior shoots an arrow.
The arrow barely misses you.
The centaur warrior shoots an arrow.
The arrow hits you!
The centaur warrior shoots an arrow.
You reflect the arrow off an invisible shield around you!
The arrow hits the centaur warrior!
There is a stone staircase leading up here.
The centaur warrior shoots an arrow.
The arrow hits you!!
You die...

# .. *.. * ... * ... ##.
*##..#. **
...##..##..#...
..#..>.#..#....
#...............# *
#......c.........#
###.....*#..........#
###.....# *#..@.....# ,
##.......# ##........#
........# ###.........(.
,
........###.............
.......###..............
#......#................
###...#...........###..#
###........###### *..#
##.....### .#


You could see a centaur warrior.

Vanquished Creatures
  A cyclops (D:9)
  Joseph (D:8)
  2 kobold demonologists (D:9)
  2 wyverns
  A shadow (D:9)
  A steam dragon (D:8)
  Grum (D:8)
  2 water moccasins
  An acid dragon (D:8)
  2 black bears (D:6)
  3 sky beasts
  A centaur (D:8)
  4 wolves (D:8)
  2 ogres
  A phantom (D:5)
  2 kobold brigands (D:9)
  5 bullfrogs
  A necrophage (D:6)
  2 gnoll sergeants (D:8)
  3 scorpions
  4 killer bees (D:9)
  2 howler monkeys
  2 jellies (D:5)
  5 hounds
  5 orc priests
  5 gnoll shamans
  Jessica (D:2)
  9 orc wizards
  4 iguanas
  A mummy (D:4)
  22 gnolls
  7 adders
  A white imp (D:5)
  2 ufetubi (D:7)
  3 worms
  2 dart slugs
  22 orcs
  11 ball pythons
  4 bats
  9 endoplasms
  3 giant cockroaches
  2 goblins
  5 hobgoblins
  5 jackals
  3 quokkas
  5 frilled lizards
  A goblin zombie (Ossuary)
  A hobgoblin zombie (Ossuary)
  8 kobolds
  4 rats
  A fulminant prism (D:8)
197 creatures vanquished.

Vanquished Creatures (others)
  86 fulminant prisms
86 creatures vanquished.

Grand Total: 283 creatures vanquished

Notes
Turn   | Place    | Note
-------+----------+-------------------------------------------
     0 | D:1      | ders the Djinni Conjurer began the quest for the Orb.
     0 | D:1      | Reached XP level 1. HP: 15/15 MP: 0/0
   388 | D:1      | Reached XP level 2. HP: 18/21 MP: 0/0
   596 | D:1      | Found a faded altar of an unknown god.
  1253 | D:2      | Reached XP level 3. HP: 22/25 MP: 0/0
  1253 | D:2      | Learned a level 1 spell: Apportation
  1349 | D:2      | Reached skill level 4 in Spellcasting
  1772 | D:2      | Noticed Jessica
  1777 | D:2      | Killed Jessica
  1778 | D:2      | Reached XP level 4. HP: 28/31 MP: 0/0
  1845 | D:2      | Reached XP level 5. HP: 27/35 MP: 0/0
  1845 | D:2      | Learned a level 2 spell: Call Imp
  2352 | D:2      | Reached skill level 5 in Spellcasting
  3687 | D:4      | Found Dyvoti's Antique Armour Shoppe.
  3707 | D:4      | Reached XP level 6. HP: 22/40 MP: 0/0
  3806 | D:4      | Found a staircase to the Ecumenical Temple.
  3815 | Temple   | Entered the Ecumenical Temple
  3892 | Temple   | Became a worshipper of Ashenzari the Shackled
  3926 | D:4      | Found a sand-covered staircase.
  3940 | Ossuary  | Entered an ossuary
  4797 | D:5      | Entered Level 5 of the Dungeon
  4802 | D:5      | Reached skill level 6 in Spellcasting
  5090 | D:5      | Reached XP level 7. HP: 42/45 MP: 0/0
  5090 | D:5      | Learned a level 3 spell: Vampiric Draining
  6095 | D:5      | Reached skill level 7 in Spellcasting
  6113 | D:5      | Reached XP level 8. HP: 34/50 MP: 0/0
  7149 | D:6      | Reached skill level 8 in Spellcasting
  7395 | D:6      | Reached XP level 9. HP: 32/55 MP: 0/0
  7395 | D:6      | Learned a level 4 spell: Dispel Undead
  7692 | D:6      | Reached skill level 9 in Spellcasting
  7908 | D:6      | Reached * piety under Ashenzari
  8753 | D:7      | Upgraded the game from 0.29-a0-321-gf1c400731a to
                  | 0.29-a0-322-g68df515428
  9024 | D:7      | Found an ornate altar of the Wu Jian Council.
  9192 | D:7      | Reached skill level 10 in Spellcasting
  9344 | D:8      | Noticed Joseph
  9548 | D:8      | Killed Joseph
  9549 | D:8      | Reached XP level 10. HP: 19/60 MP: 0/0
 10396 | D:8      | Noticed Grum
 10400 | D:8      | Killed Grum
 10405 | D:8      | Reached skill level 11 in Spellcasting
 11198 | D:8      | Found Tupled's CLEARANCE SALE!.
 11952 | D:9      | Noticed a kobold demonologist
 11956 | D:9      | Noticed a kobold demonologist
 11958 | D:9      | Noticed a rust devil
 11960 | D:9      | Killed a kobold demonologist
 11960 | D:9      | Killed a kobold demonologist
 11961 | D:9      | Reached skill level 12 in Spellcasting
 11963 | D:9      | Noticed a cyclops
 11974 | D:9      | Killed a cyclops
 12002 | D:9      | Reached XP level 11. HP: 25/65 MP: 0/0
 12002 | D:9      | Learned a level 4 spell: Olgreb's Toxic Radiance
 12280 | D:9      | Reached ** piety under Ashenzari
 12603 | D:9      | Noticed a centaur warrior
 12611 | D:9      | Shot with an arrow by a centaur warrior

Illustrated notes

Levels and vault maps discovered:
D:1:      matt_arrival_spirals, layout_loops_corners,
          shapermc_ecumenical_altar_mp_ritualfount,
          hangedman_decor_clover_reticule, kennysheep_boxes
D:2:      layout_loops_cross, minmay_cut_off, uniq_jessica
D:3:      layout_loops_ring, kennysheep_generic_room_13
D:4:      layout_cave_pools, minmay_temple_entry_sparse_star,
          gup_ossuary_entry_pyramid, serial_shops, nicolae_shop_behind_doors,
          serial_park_tiny_2
D:5:      layout_gridville, hangedman_decor_growths
D:6:      layout_gridville, kennysheep_generic_room_10
D:7:      layout_loops_ring, nzn_wu_jian_council_hall
D:8:      layout_cave_pools, serial_gnoll_camp, gnoll_camp_mini_hut,
          gnoll_camp_mini_house, gnoll_camp_mini_basic, gnoll_camp_mini_basic,
          nicolae_shop_clearance, uniq_joseph, uniq_grum
D:9:      layout_layer_cave
Temple:   nicolae_temple_the_god_donut

Skill      XL: |  1  2  3  4  5  6  7  8  9 10 |
---------------+-------------------------------+-----
Spellcasting   | 4 5 6 7 8 10 12 | 12.5
Dodging        | |  2.1
Stealth        | |  1.5

Action                   |  1- 3 |  4- 6 |  7- 9 | 10-12 || total
-------------------------+-------+-------+-------+-------++-------
Melee: Unarmed           |       |     4 |     1 |     1 ||     6
 Cast: Magic Dart        |    66 |   129 |    62 |     5 ||   262
       Fulminant Prism   |       |     2 |    39 |    46 ||    87
       Searing Ray       |       |     4 |     1 |       ||     5
       Iskenderun's Myst |       |     1 |    25 |    25 ||    51
Invok: Curse Item        |       |       |     2 |     2 ||     4
       Shatter the Chain |       |       |       |     1 ||     1
  Use: Scroll            |       |     2 |       |       ||     2
       Potion            |       |     1 |       |     1 ||     2
Armor: Robe              |     1 |     7 |     4 |       ||    12
       Steam dragon scal |       |       |       |     2 ||     2
Dodge: Dodged            |     2 |    17 |    12 |    18 ||    49
Block: Other             |       |       |       |     2 ||     2
       Reflection        |       |       |       |     1 ||     1

Table legend: (Time is in decaauts)
 A = Elapsed time spent in this place.
 B = Non-inter-level travel time spent in this place.
 C = Inter-level travel time spent in this place.
 D = Time resting spent in this place.
 E = Time spent auto-exploring this place.
 F = Levels seen in this place.
 G = Mean time per level.
                   A        B        C        D        E       F      G
               +--------+--------+--------+--------+--------+-----+--------+
         Total |  12601 |  12229 |    372 |   4071 |   6941 |  11 | 1145.5 |
       Dungeon |  12438 |  12082 |    356 |   4071 |   6833 |   9 | 1382.0 |
        Temple |     90 |     74 |     16 |      0 |     68 |   1 |   90.0 |
       Ossuary |     72 |     72 |      0 |      0 |     40 |   1 |   72.0 |
               +--------+--------+--------+--------+--------+-----+--------+

Top non-repeatable levels by time:
     D:7: 1995 daAuts
     D:5: 1789 daAuts
     D:4: 1626 daAuts
     D:2: 1298 daAuts
     D:8: 1270 daAuts
     D:1: 1246 daAuts
     D:9: 1210 daAuts
     D:3: 1116 daAuts
     D:6: 884 daAuts
  Temple: 90 daAuts
 Ossuary: 72 daAuts
